[Event "ICC tourney 2266 (75 10)"]
[Site "Internet Chess Club"]
[Date "2021.01.02"]
[Round "2"]
[White "profofchess"]
[Black "Suraj240704"]
[Result "1/2-1/2"]
[ICCResult "Game drawn by the 50 move rule"]
[WhiteElo "2338"]
[BlackElo "2163"]
[Opening "Sicilian: Najdorf"]
[ECO "B90"]
[NIC "SI.14"]
[Time "14:31:57"]
[PlyCount "232"]
[TimeControl "4500+10"]

1. e4 c5 2. Nf3 d6 3. d4 cxd4 4. Nxd4 Nf6 5. Nc3 a6 6. Nb3 e5 7. Bg5 Be7 8.
Bxf6 Bxf6 9. Qd3 Bg5 10. Rd1 Be7 11. Nd5 Bf8 12. Be2 Be6 13. O-O Nd7 14. f4
Bxd5 15. Qxd5 Qb6+ 16. Kh1 Be7 17. fxe5 Nxe5 18. c4 Qc7 19. c5 dxc5 20. Rf5
Bf6 21. Nxc5 Rd8 22. Ne6 fxe6 23. Qxe6+ Qe7 24. Rxe5 Rxd1+ 25. Bxd1 Bxe5
26. Qc8+ Qd8 27. Qe6+ Kf8 28. Bh5 g6 29. Qxe5 Kf7 30. Be2 b5 31. Qc5 Re8
32. Bf3 Qf6 33. h3 Kg7 34. b3 Re7 35. a4 Qa1+ 36. Kh2 Qe5+ 37. Qxe5+ Rxe5
38. axb5 Rxb5 39. Be2 Rb6 40. Bc4 a5 41. Kg3 Kf6 42. Kf4 g5+ 43. Kg4 Rb4
44. Bd5 Kg6 45. Kf3 h5 46. Ke3 Kf6 47. Bg8 Ke5 48. Bd5 a4 49. bxa4 Rxa4 50.
g4 Ra3+ 51. Kf2 Rxh3 52. gxh5 Kf4 53. e5 Kxe5 54. Kg2 g4 55. Bf7 Kf4 56.
Bg6 Rh4 57. Bf7 g3 58. Be8 Rh2+ 59. Kg1 Re2 60. Bf7 g2 61. Kh2 Kf3 62. Bd5+
Kf2 63. Bxg2 Re5 64. Kh3 Rxh5+ 65. Kg4 Ra5 66. Bc6 Rc5 67. Bd7 Ke3 68. Bf5
Rc4+ 69. Kg5 Kf3 70. Kf6 Kf4 71. Bg6 Rc6+ 72. Kg7 Kg5 73. Bh7 Rc7+ 74. Kh8
Kf6 75. Bg8 Rc8 76. Kh7 Rc3 77. Bd5 Rg3 78. Kh8 Rg7 79. Be4 Re7 80. Bh7 Kg5
81. Bg8 Kh6 82. Bb3 Rb7 83. Bc4 Rc7 84. Bb3 Re7 85. Bc4 Kg6 86. Bd3+ Kf6
87. Bc4 Rc7 88. Ba2 Rc8+ 89. Kh7 Rc2 90. Bb1 Rh2+ 91. Kg8 Rg2+ 92. Kh8 Rg1
93. Bc2 Rc1 94. Bb3 Kg6 95. Ba2 Rh1+ 96. Kg8 Ra1 97. Bf7+ Kf6 98. Bb3 Ra8+
99. Kh7 Rb8 100. Bc4 Rc8 101. Ba2 Rf8 102. Bb3 Rb8 103. Bc4 Kg5 104. Bd5
Rd8 105. Bc4 Rd7+ 106. Kh8 Kg6 107. Bb3 Rc7 108. Ba2 Rc1 109. Bd5 Re1 110.
Bc4 Rd1 111. Bb3 Rd2 112. Bc4 Rd4 113. Bb3 Rb4 114. Bd5 Rb5 115. Bc4 Rc5
116. Ba2 Kf6 { Game drawn by the 50 move rule } 1/2-1/2

[Event "ICC tourney 2266 (75 10)"]
[Site "Internet Chess Club"]
[Date "2021.01.02"]
[Round "2"]
[White "MrNormalName"]
[Black "Openyagami"]
[Result "1/2-1/2"]
[ICCResult "Game drawn because neither player has mating material"]
[WhiteElo "2174"]
[BlackElo "2606"]
[Opening "Grünfeld: exchange, Spassky variation"]
[ECO "D87"]
[NIC "GI.05"]
[Time "14:32:25"]
[PlyCount "168"]
[TimeControl "4500+10"]

1. d4 Nf6 2. c4 g6 3. Nc3 d5 4. cxd5 Nxd5 5. e4 Nxc3 6. bxc3 Bg7 7. Bc4 c5
8. Ne2 O-O 9. O-O Nc6 10. Be3 a6 11. dxc5 Qc7 12. f4 Bg4 13. h3 Rad8 14.
Qe1 Bxe2 15. Bxe2 e6 16. e5 Rd7 17. Rd1 Rxd1 18. Qxd1 Rd8 19. Qb3 g5 20. g3
gxf4 21. gxf4 Qe7 22. Kh2 Kh8 23. Qc4 Qh4 24. Bd3 Rg8 25. Qe4 Bxe5 26.
Qxh7+ Qxh7 27. Bxh7 Kxh7 28. fxe5 Rf8 29. Bd4 Kg6 30. Rf6+ Kg7 31. Rf4 Ne7
32. Rg4+ Kh7 33. Kg3 Ng6 34. Kf3 Kg7 35. Kg3 Rh8 36. Rg5 Kf8 37. Be3 Ke8
38. Bd4 Kd7 39. Kh2 Kc6 40. Rg1 Nf4 41. Rg3 Rh7 42. Rf3 Ng6 43. Rf2 Ne7 44.
Rb2 Nd5 45. c4 Ne7 46. Bc3 Rh4 47. Ba5 Nc8 48. Rf2 Rh7 49. Bb4 Ne7 50. Rd2
Nf5 51. Rd8 Rh4 52. Rc8+ Kd7 53. Rb8 Kc7 54. Rf8 Rxc4 55. Rxf7+ Kc6 56. a3
Re4 57. Ba5 Rxe5 58. Rc7+ Kb5 59. Bb4 Re2+ 60. Kg1 b6 61. Rb7 a5 62. Rxb6+
Kc4 63. Bxa5 Kxc5 64. Rb8 Ra2 65. Bb4+ Kd4 66. Rd8+ Ke3 67. Re8 Ra1+ 68.
Kg2 Ra2+ 69. Kg1 Kf4 70. Rxe6 Nd4 71. Bd6+ Kf3 72. Rf6+ Ke4 73. Rf8 Rc2 74.
h4 Nf3+ 75. Kf1 Nxh4 76. Rf4+ Kd5 77. Rxh4 Kxd6 78. Rb4 Ra2 79. Rb3 Kc5 80.
Ke1 Kc4 81. Rh3 Kb5 82. Kd1 Ka4 83. Kc1 Rxa3 84. Rxa3+ Kxa3 { Game drawn
because neither player has mating material } 1/2-1/2

[Event "ICC tourney 2266 (75 10)"]
[Site "Internet Chess Club"]
[Date "2021.01.02"]
[Round "2"]
[White "KnightHawk8"]
[Black "chessw23"]
[Result "1-0"]
[ICCResult "Black forfeits on time"]
[WhiteElo "2028"]
[BlackElo "1944"]
[Opening "Giuoco Piano"]
[ECO "C54"]
[NIC "IG.02"]
[Time "14:31:48"]
[PlyCount "83"]
[TimeControl "4500+10"]

1. e4 e5 2. Nf3 Nc6 3. Bc4 Bc5 4. c3 Nf6 5. d3 h6 6. Nbd2 d6 7. Bb3 O-O 8.
O-O Re8 9. h3 Be6 10. Re1 a6 11. Nf1 d5 12. Qe2 dxe4 13. dxe4 Bxb3 14. axb3
Qe7 15. Nh4 Qe6 16. b4 Bb6 17. Nf5 Kh7 18. g4 Ne7 19. N1g3 Ng6 20. Qf3 Rh8
21. Kg2 Kg8 22. h4 Ne8 23. Rh1 f6 24. Bd2 Rd8 25. Rad1 c6 26. Bc1 Rxd1 27.
Rxd1 Nf8 28. Qd3 g5 29. hxg5 hxg5 30. Nh5 Rh7 31. f3 Rd7 32. Qe2 Rxd1 33.
Qxd1 Qd7 34. Qe2 Ne6 35. Qc4 Kh8 36. Qf1 Kg8 37. Nhg3 Qh7 38. Nh5 Qd7 39.
Qe2 Nf4+ 40. Bxf4 exf4 41. Qc4+ Kh8 42. Nh6 { Black forfeits on time } 1-0

[Event "ICC tourney 2266 (75 10)"]
[Site "Internet Chess Club"]
[Date "2021.01.02"]
[Round "3"]
[White "Suraj240704"]
[Black "edmehu"]
[Result "1/2-1/2"]
[ICCResult "Game drawn by mutual agreement"]
[WhiteElo "2163"]
[BlackElo "2212"]
[Opening "King's Indian: Sämisch, orthodox, 7.Nge2 c6"]
[ECO "E86"]
[NIC "KI.42"]
[Time "18:01:38"]
[PlyCount "26"]
[TimeControl "4500+10"]

1. d4 Nf6 2. c4 g6 3. f3 Bg7 4. e4 d6 5. Nc3 O-O 6. Be3 e5 7. Nge2 c6 8.
Qd2 Nbd7 9. O-O-O Qa5 10. Kb1 a6 11. Nd5 Qxd2 12. Nxf6+ Nxf6 13. Rxd2 Be6 {
Game drawn by mutual agreement } 1/2-1/2

[Event "ICC tourney 2266 (75 10)"]
[Site "Internet Chess Club"]
[Date "2021.01.02"]
[Round "3"]
[White "brilliantnessme"]
[Black "ryanwang"]
[Result "1/2-1/2"]
[ICCResult "Game drawn by mutual agreement"]
[WhiteElo "2032"]
[BlackElo "1911"]
[Opening "Sicilian: Pelikan, Chelyabinsk variation"]
[ECO "B33"]
[NIC "SI.37"]
[Time "18:01:19"]
[PlyCount "57"]
[TimeControl "4500+10"]

1. e4 c5 2. Nf3 Nc6 3. d4 cxd4 4. Nxd4 Nf6 5. Nc3 e5 6. Ndb5 d6 7. Bg5 a6
8. Na3 b5 9. Nd5 Be7 10. Bxf6 Bxf6 11. c3 O-O 12. Nc2 Rb8 13. h4 g6 14. g3
Bg7 15. h5 Ne7 16. Ncb4 Nxd5 17. Nxd5 Bb7 18. Be2 Bf6 19. Qd3 Bg5 20. a3
Rc8 21. a4 bxa4 22. Rxa4 Rc5 23. hxg6 hxg6 24. b4 Rc8 25. Qc2 Bxd5 26. exd5
Qc7 27. c4 Qb6 28. O-O Kg7 29. Qe4 { Game drawn by mutual agreement }
1/2-1/2

[Event "ICC tourney 2266 (75 10)"]
[Site "Internet Chess Club"]
[Date "2021.01.02"]
[Round "3"]
[White "e4betterthand4"]
[Black "KittiesRock18"]
[Result "1-0"]
[ICCResult "Black resigns"]
[WhiteElo "2130"]
[BlackElo "1905"]
[Opening "Sicilian: Sozin, 7.Be3"]
[ECO "B89"]
[NIC "SI.26"]
[Time "18:01:25"]
[PlyCount "51"]
[TimeControl "4500+10"]

1. e4 c5 2. Nf3 d6 3. d4 cxd4 4. Nxd4 Nf6 5. Nc3 Nc6 6. Bc4 e6 7. Be3 a6 8.
O-O Be7 9. h3 O-O 10. Bb3 Qc7 11. f4 b5 12. f5 b4 13. fxe6 bxc3 14. exf7+
Kh8 15. Nxc6 cxb2 16. Bd4 bxa1=Q 17. Qxa1 Qxc6 18. Rxf6 Bxf6 19. Bxf6 Qc5+
20. Kh1 Rxf7 21. Bxf7 h6 22. Bxg7+ Kh7 23. Bd5 Rb8 24. Bf8 Qa7 25. Qc1 Rb1
26. Qxb1 { Black resigns } 1-0

[Event "ICC tourney 2266 (75 10)"]
[Site "Internet Chess Club"]
[Date "2021.01.02"]
[Round "3"]
[White "greenninja"]
[Black "dpomerantz135"]
[Result "1-0"]
[ICCResult "Black resigns"]
[WhiteElo "2025"]
[BlackElo "2238"]
[Opening "Sicilian: Taimanov variation"]
[ECO "B48"]
[NIC "SI.40"]
[Time "18:01:26"]
[PlyCount "39"]
[TimeControl "4500+10"]

1. e4 c5 2. Nf3 e6 3. d4 cxd4 4. Nxd4 Nc6 5. Nc3 Qc7 6. Be3 a6 7. Qf3 d6 8.
Nxc6 bxc6 9. Qg3 Rb8 10. O-O-O Nf6 11. h4 Qb7 12. b3 Qb4 13. Bd2 g6 14. e5
Nd7 15. Nb5 Rxb5 16. Bxb4 Rxb4 17. exd6 Bg7 18. h5 Nf6 19. h6 Bf8 20. Qc3 {
Black resigns } 1-0

[Event "ICC tourney 2266 (75 10)"]
[Site "Internet Chess Club"]
[Date "2021.01.02"]
[Round "3"]
[White "mr-sosa"]
[Black "BreatheChessAls"]
[Result "0-1"]
[ICCResult "White resigns"]
[WhiteElo "2086"]
[BlackElo "1941"]
[Opening "QGD Slav: Dutch variation"]
[ECO "D18"]
[NIC "SL.04"]
[Time "18:01:16"]
[PlyCount "134"]
[TimeControl "4500+10"]

1. d4 d5 2. c4 c6 3. Nf3 Nf6 4. Nc3 dxc4 5. a4 Bf5 6. e3 e6 7. Bxc4 Nbd7 8.
O-O Bb4 9. Qe2 Bxc3 10. bxc3 Ne4 11. Ba3 Nb6 12. Bb3 Nxc3 13. Qb2 Ne4 14.
a5 Nd7 15. a6 b6 16. Rac1 Rc8 17. Ne5 Nxe5 18. dxe5 Qd2 19. Bc2 Qc3 20.
Bxe4 Qxb2 21. Bxc6+ Rxc6 22. Bxb2 Rxc1 23. Rxc1 O-O 24. Rc7 Ra8 25. Rd7 Be4
26. f4 Bc6 27. Rc7 Bb5 28. Bd4 Bxa6 29. Kf2 h6 30. g4 Bd3 31. Kf3 a5 32.
Bxb6 a4 33. Ra7 Rxa7 34. Bxa7 a3 35. Bd4 a2 36. e4 g6 37. h4 Kf8 38. Ke3
Bb1 39. f5 g5 40. hxg5 hxg5 41. fxe6 fxe6 42. Bb2 Ke8 43. Kd4 Kd7 44. Ke3
Kc6 45. Bc3 Kb5 46. Kd2 Bxe4 47. Kc1 Kc4 48. Ba1 Kb3 49. Bd4 Bf3 50. Kd2
Bxg4 51. Ba1 Bf5 52. Bd4 g4 53. Ba1 g3 54. Ke3 g2 55. Kf2 Be4 56. Bd4 Kc2
57. Kg1 Kb1 58. Kh2 a1=Q 59. Bxa1 Kxa1 60. Kg1 Kb1 61. Kh2 Kc1 62. Kg1 Kd1
63. Kf2 Bd5 64. Kg1 Ke1 65. Kh2 Kf2 66. Kh3 g1=Q 67. Kh4 Qg6 { White
resigns } 0-1

[Event "ICC tourney 2266 (75 10)"]
[Site "Internet Chess Club"]
[Date "2021.01.02"]
[Round "3"]
[White "mchessmaster"]
[Black "DLWarrior"]
[Result "0-1"]
[ICCResult "White resigns"]
[WhiteElo "1955"]
[BlackElo "1968"]
[Opening "French: Steinitz, Boleslavsky variation"]
[ECO "C11"]
[NIC "FR.04"]
[Time "18:01:28"]
[PlyCount "54"]
[TimeControl "4500+10"]

1. e4 e6 2. d4 d5 3. Nc3 Nf6 4. e5 Nfd7 5. f4 c5 6. Nf3 Nc6 7. Be3 Be7 8.
Be2 O-O 9. O-O b6 10. a3 Bb7 11. Na4 f6 12. c3 fxe5 13. fxe5 c4 14. b4 cxb3
15. Qxb3 Rc8 16. Nb2 Qc7 17. Bg5 Rxf3 18. Rxf3 Bxg5 19. Raf1 Rf8 20. Bd3
Rxf3 21. Rxf3 h6 22. Qc2 Be7 23. Bh7+ Kh8 24. Rf7 Ndxe5 25. dxe5 Bc5+ 26.
Rf2 Bxf2+ 27. Kxf2 Nxe5 { White resigns } 0-1

[Event "ICC tourney 2266 (75 10)"]
[Site "Internet Chess Club"]
[Date "2021.01.02"]
[Round "3"]
[White "binomialfactor"]
[Black "annameiyappan"]
[Result "1-0"]
[ICCResult "Black resigns"]
[WhiteElo "2176"]
[BlackElo "1994"]
[Opening "QGD"]
[ECO "D52"]
[NIC "SL.03"]
[Time "18:01:14"]
[PlyCount "65"]
[TimeControl "4500+10"]

1. d4 d5 2. c4 c6 3. Nc3 Nf6 4. Nf3 e6 5. Bg5 Nbd7 6. e3 Be7 7. Bd3 dxc4 8.
Bxc4 Nd5 9. Bxe7 Qxe7 10. O-O O-O 11. Qe2 Nxc3 12. bxc3 e5 13. Rfe1 e4 14.
Nd2 Kh8 15. f3 f5 16. Kh1 Nf6 17. Rf1 Be6 18. Rae1 Nd5 19. Bxd5 cxd5 20. c4
Rf6 21. fxe4 fxe4 22. cxd5 Bxd5 23. Nc4 Raf8 24. Ne5 Rxf1+ 25. Rxf1 Rxf1+
26. Qxf1 Bxa2 27. Qf5 Qc7 28. h4 Bd5 29. h5 Qe7 30. Kg1 Kg8 31. h6 Qb4 32.
Qg5 Qf8 33. Nd7 { Black resigns } 1-0

[Event "ICC tourney 2266 (75 10)"]
[Site "Internet Chess Club"]
[Date "2021.01.02"]
[Round "3"]
[White "mhebden"]
[Black "MrNormalName"]
[Result "1-0"]
[ICCResult "Black resigns"]
[WhiteElo "2503"]
[BlackElo "2174"]
[Opening "QGD: Lasker defense"]
[ECO "D56"]
[NIC "QP.06"]
[Time "18:02:10"]
[PlyCount "89"]
[TimeControl "4500+10"]

1. d4 Nf6 2. Nf3 d5 3. c4 e6 4. Bg5 Be7 5. Nc3 h6 6. Bh4 O-O 7. e3 Ne4 8.
Bxe7 Qxe7 9. Rc1 c6 10. Bd3 Nxc3 11. Rxc3 dxc4 12. Rxc4 Nd7 13. O-O e5 14.
Bc2 e4 15. Nd2 f5 16. Bb3 Kh7 17. f3 exf3 18. Qxf3 Nb6 19. Rc5 Bd7 20. Qf4
Rae8 21. Re5 Qg5 22. Nf3 Qxf4 23. exf4 Kg6 24. Rfe1 Kf6 25. a4 Nc8 26. a5
a6 27. d5 Na7 28. Rxe8 Rxe8 29. Ne5 Rd8 30. Nxd7+ Rxd7 31. dxc6 Re7 32.
Rxe7 Kxe7 33. cxb7 Nc6 34. Bd5 Nb8 35. b4 Kd6 36. Bf3 g5 37. g3 g4 38. Bg2
Kc7 39. Kf2 Nd7 40. Ke3 Nf8 41. Kd4 Ne6+ 42. Ke5 Nd8 43. Kxf5 Nxb7 44. Bxb7
Kxb7 45. Kxg4 { Black resigns } 1-0

[Event "ICC tourney 2266 (75 10)"]
[Site "Internet Chess Club"]
[Date "2021.01.02"]
[Round "3"]
[White "HostilePear"]
[Black "yanzhe"]
[Result "1-0"]
[ICCResult "Black checkmated"]
[WhiteElo "1958"]
[BlackElo "1929"]
[Opening "English: symmetrical variation"]
[ECO "A30"]
[NIC "EO.64"]
[Time "18:01:49"]
[PlyCount "107"]
[TimeControl "4500+10"]

1. c4 c5 2. g3 Nf6 3. Bg2 e6 4. Nc3 d5 5. cxd5 exd5 6. d4 Be6 7. Nf3 Be7 8.
O-O O-O 9. Bg5 Qb6 10. Na4 Qb5 11. dxc5 Bxc5 12. Nxc5 Qxc5 13. Bxf6 gxf6
14. Qd2 Kg7 15. Rac1 Qd6 16. Nd4 a6 17. Qd3 Nc6 18. Nf5+ Bxf5 19. Qxf5 Ne7
20. Qg4+ Ng6 21. Rfd1 Qe6 22. Qh5 d4 23. b3 Qb6 24. Qg4 Rad8 25. h4 Kh8 26.
h5 Ne5 27. Qf5 Qe6 28. Qxe6 fxe6 29. Bxb7 Rd6 30. Rc7 Rf7 31. Rdc1 Rfd7 32.
Rxd7 Nxd7 33. Rc7 Kg8 34. Bc8 Nf8 35. Ra7 d3 36. exd3 Rxd3 37. Bxa6 Rd5 38.
Be2 Nd7 39. b4 Kg7 40. Bc4 Rd6 41. Bb5 Kh6 42. Rxd7 Rb6 43. a4 Kxh5 44.
Rxh7+ Kg6 45. Rc7 Kf5 46. Bd3+ Kg4 47. Be2+ Kg5 48. b5 e5 49. a5 Rd6 50. b6
Rd2 51. b7 Rxe2 52. b8=Q Kg4 53. Rg7+ Kh3 54. Qh8# { Black checkmated } 1-0

[Event "ICC tourney 2266 (75 10)"]
[Site "Internet Chess Club"]
[Date "2021.01.02"]
[Round "3"]
[White "randomusername"]
[Black "Volkov"]
[Result "0-1"]
[ICCResult "White resigns"]
[WhiteElo "2132"]
[BlackElo "2607"]
[Opening "QGD Slav defense"]
[ECO "D10"]
[NIC "SL.01"]
[Time "18:01:23"]
[PlyCount "94"]
[TimeControl "4500+10"]

1. d4 d5 2. c4 c6 3. e3 Bf5 4. Nc3 e6 5. Nf3 Nd7 6. Qb3 Qb6 7. c5 Qxb3 8.
axb3 a6 9. b4 Rc8 10. Bd2 h6 11. Be2 g5 12. O-O Ne7 13. Ra3 Bg7 14. Rfa1
O-O 15. Be1 Bg4 16. h3 Bxf3 17. Bxf3 e5 18. dxe5 Nxe5 19. Be2 f5 20. Na4 f4
21. Nb6 Rcd8 22. Bc3 fxe3 23. fxe3 Nf5 24. Bd4 Rde8 25. Rf1 Nxd4 26. exd4
Ng6 27. Rxf8+ Nxf8 28. Bg4 Bxd4+ 29. Kf1 Bxb2 30. Rb3 Bc1 31. Nc8 Bf4 32.
g3 Bc7 33. Nd6 Bxd6 34. cxd6 Rd8 35. Re3 Rxd6 36. Re7 Rf6+ 37. Ke2 Rf7 38.
Re8 Rc7 39. Kd3 Kf7 40. Bh5+ Kg7 41. Kd4 Nh7 42. Re6 Nf6 43. Be2 Kf7 44.
Re5 Re7 45. Rxe7+ Kxe7 46. Kc5 Nd7+ 47. Kd4 Kd6 { White resigns } 0-1

[Event "ICC tourney 2266 (75 10)"]
[Site "Internet Chess Club"]
[Date "2021.01.02"]
[Round "3"]
[White "tirantes"]
[Black "largecrab"]
[Result "1/2-1/2"]
[ICCResult "Game drawn by repetition"]
[WhiteElo "2423"]
[BlackElo "2166"]
[Opening "Sicilian defense"]
[ECO "B40"]
[NIC "SI.43"]
[Time "18:01:42"]
[PlyCount "76"]
[TimeControl "4500+10"]

1. e4 c5 2. Nf3 e6 3. d3 Nc6 4. g3 Be7 5. Bg2 Nf6 6. O-O d6 7. Re1 Nd7 8.
c3 O-O 9. d4 cxd4 10. cxd4 Nb6 11. Nc3 d5 12. e5 Bd7 13. h4 h6 14. Bf4 Rc8
15. Rc1 a6 16. Bf1 Na7 17. Nd2 Nb5 18. Nxb5 Bxb5 19. Bxb5 axb5 20. Qg4 Kh7
21. Nf3 Ra8 22. Ra1 Nc4 23. Re2 b4 24. b3 Na3 25. Rc1 Nb5 26. Rec2 Qd7 27.
Qh5 Kg8 28. Qg4 Kh7 29. Qh5 Kg8 30. Bxh6 gxh6 31. Qxh6 Rfc8 32. Ng5 Bxg5
33. Qxg5+ Kh7 34. Qh5+ Kg7 35. Qg5+ Kh7 36. Qh5+ Kg7 37. Qg5+ Kh7 38. Qh5+
Kg7 { Game drawn by repetition } 1/2-1/2

[Event "ICC tourney 2266 (75 10)"]
[Site "Internet Chess Club"]
[Date "2021.01.02"]
[Round "3"]
[White "Openyagami"]
[Black "BBCC2020"]
[Result "1/2-1/2"]
[ICCResult "Game drawn by repetition"]
[WhiteElo "2606"]
[BlackElo "2193"]
[Opening "English: Neo-Catalan accepted"]
[ECO "A13"]
[NIC "RE.10"]
[Time "18:01:25"]
[PlyCount "242"]
[TimeControl "4500+10"]

1. c4 e6 2. Nf3 Nf6 3. g3 d5 4. Bg2 dxc4 5. Qa4+ Bd7 6. Qxc4 c5 7. Ne5 Qc7
8. d4 Nc6 9. Bf4 Nxd4 10. Nxf7 Qa5+ 11. Bd2 Qa4 12. Qxa4 Bxa4 13. Nxh8 Nc2+
14. Kf1 Nxa1 15. b3 Bc6 16. Bxc6+ bxc6 17. Na3 Bd6 18. Kg2 Nxb3 19. axb3
Ke7 20. Nc4 Rxh8 21. Ra1 Bb8 22. Bf4 Nd5 23. Bxb8 Rxb8 24. Rxa7+ Kf8 25.
Ra3 Nc3 26. e3 Ke7 27. f4 Rb7 28. Kf3 h5 29. Ra6 Rxb3 30. Rxc6 Na4 31. Rc7+
Kf8 32. Ne5 Rc3 33. Ng6+ Kg8 34. Rc8+ Kf7 35. Ne5+ Ke7 36. Rc7+ Kf8 37. h3
Nb6 38. Nd7+ Nxd7 39. Rxd7 Rc2 40. Rc7 c4 41. g4 h4 42. g5 Rc1 43. Kg4 c3
44. Kxh4 g6 45. e4 Re1 46. Rxc3 Rxe4 47. Kg3 e5 48. Rf3 Kg7 49. h4 exf4+
50. Rxf4 Re7 51. Kg4 Ra7 52. Rd4 Rb7 53. Kf4 Re7 54. Re4 Ra7 55. Ke5 Ra1
56. Rd4 Re1+ 57. Kd6 Kf7 58. Rf4+ Kg7 59. Rc4 Rd1+ 60. Ke5 Re1+ 61. Re4 Rd1
62. Ke6 Rd2 63. Re5 Rd4 64. Rc5 Re4+ 65. Kd5 Rxh4 66. Rc7+ Kg8 67. Ke5 Ra4
68. Rc8+ Kg7 69. Rc7+ Kg8 70. Rc6 Kg7 71. Ke6 Re4+ 72. Kd6 Rg4 73. Rc7+ Kg8
74. Rc5 Kg7 75. Ke6 Re4+ 76. Re5 Ra4 77. Rd5 Re4+ 78. Kd6 Ra4 79. Rb5 Rd4+
80. Ke5 Rd7 81. Ke6 Ra7 82. Rd5 Ra1 83. Rd7+ Kg8 84. Ke7 Kg7 85. Ke6+ Kg8
86. Kf6 Ra6+ 87. Ke7 Ra1 88. Ke6 Ra6+ 89. Rd6 Ra1 90. Kf6 Ra8 91. Kxg6 Rb8
92. Ra6 Rc8 93. Kf6 Rb8 94. Ra7 Rb6+ 95. Kf5 Rb5+ 96. Kg6 Rb6+ 97. Kh5 Rc6
98. Rb7 Ra6 99. Rb5 Rc6 100. Kg4 Ra6 101. Kf5 Kg7 102. Rb7+ Kg8 103. Kg4
Rc6 104. Kh5 Ra6 105. Rb8+ Kg7 106. Rc8 Rb6 107. Rc1 Ra6 108. Rd1 Rb6 109.
Rd5 Ra6 110. g6 Ra1 111. Rd7+ Kg8 112. Rd8+ Kg7 113. Rd7+ Kg8 114. Kh6 Rh1+
115. Kg5 Rg1+ 116. Kf5 Rf1+ 117. Ke6 Re1+ 118. Kf6 Rf1+ 119. Kg5 Rg1+ 120.
Kf6 Rf1+ 121. Kg5 Rg1+ { Game drawn by repetition } 1/2-1/2

[Event "ICC tourney 2266 (75 10)"]
[Site "Internet Chess Club"]
[Date "2021.01.02"]
[Round "3"]
[White "marble"]
[Black "gmRohde"]
[Result "1/2-1/2"]
[ICCResult "Game drawn by mutual agreement"]
[WhiteElo "2508"]
[BlackElo "2440"]
[Opening "Ruy Lopez: Berlin defense"]
[ECO "C65"]
[NIC "RL.07"]
[Time "18:01:22"]
[PlyCount "48"]
[TimeControl "4500+10"]

1. e4 e5 2. Nf3 Nc6 3. Bb5 Nf6 4. d3 d6 5. O-O Bd7 6. c4 g6 7. Nc3 Bg7 8.
Be3 O-O 9. h3 h6 10. Re1 Nh5 11. d4 Nxd4 12. Nxd4 exd4 13. Bxd4 c6 14. Bxg7
Kxg7 15. Ba4 Qg5 16. Qd4+ Kg8 17. Re3 Be6 18. Ne2 Rfd8 19. Rc1 Nf4 20. Nxf4
Qxf4 21. Bd1 c5 22. Qc3 a6 23. a3 b5 24. Be2 bxc4 { Game drawn by mutual
agreement } 1/2-1/2

[Event "ICC tourney 2266 (75 10)"]
[Site "Internet Chess Club"]
[Date "2021.01.02"]
[Round "3"]
[White "chessw23"]
[Black "kunalsh"]
[Result "0-1"]
[ICCResult "White resigns"]
[WhiteElo "1944"]
[BlackElo "2054"]
[Opening "Giuoco Piano"]
[ECO "C54"]
[NIC "IG.02"]
[Time "18:01:48"]
[PlyCount "66"]
[TimeControl "4500+10"]

1. e4 e5 2. Nf3 Nc6 3. Bc4 Bc5 4. c3 Nf6 5. d3 h6 6. a4 a6 7. O-O d6 8.
Nbd2 O-O 9. Re1 Re8 10. Nf1 Ba7 11. Ng3 Ne7 12. Qb3 Rf8 13. d4 Ng6 14. h3
c6 15. dxe5 dxe5 16. a5 Qe7 17. Nf5 Qc7 18. Be3 Bxe3 19. Rxe3 Nh5 20. Qa3
c5 21. Rd1 Be6 22. Bxe6 fxe6 23. N5h4 Ngf4 24. g3 Nxh3+ 25. Kg2 Ng5 26.
Nxg5 hxg5 27. Nf3 g4 28. Ne1 Qf7 29. Re2 Rac8 30. Qb3 c4 31. Qb6 Rc6 32.
Qb4 Nxg3 33. Kxg3 Qh5 { White resigns } 0-1

[Event "ICC tourney 2266 (75 10)"]
[Site "Internet Chess Club"]
[Date "2021.01.02"]
[Round "3"]
[White "RogerZ"]
[Black "vedrau"]
[Result "0-1"]
[ICCResult "White resigns"]
[WhiteElo "1930"]
[BlackElo "2042"]
[Opening "Ruy Lopez: closed, Breyer, Borisenko variation"]
[ECO "C95"]
[NIC "RL.25"]
[Time "18:01:46"]
[PlyCount "70"]
[TimeControl "4500+10"]

1. e4 e5 2. Nf3 Nc6 3. Bb5 a6 4. Ba4 Nf6 5. O-O Be7 6. Re1 b5 7. Bb3 O-O 8.
c3 d6 9. h3 Nb8 10. d4 Nbd7 11. Nbd2 Bb7 12. Bc2 Re8 13. Nf1 Bf8 14. Ng3 g6
15. a4 c5 16. d5 c4 17. Bg5 h6 18. Be3 Qc7 19. Qd2 Kh7 20. Rf1 Nc5 21. a5
Bg7 22. Nh2 Re7 23. f4 exf4 24. Rxf4 Rae8 25. Ng4 Ncxe4 26. Nxe4 Nxe4 27.
Bxe4 Rxe4 28. Rxe4 Rxe4 29. Bb6 Qe7 30. Be3 f5 31. Bxh6 fxg4 32. Bxg7 Kxg7
33. hxg4 Re2 34. Qd4+ Qe5 35. Qxe5+ Rxe5 { White resigns } 0-1

[Event "ICC tourney 2266 (75 10)"]
[Site "Internet Chess Club"]
[Date "2021.01.02"]
[Round "3"]
[White "KRASAVCHIK"]
[Black "giorgibagaturov"]
[Result "1-0"]
[ICCResult "Black resigns"]
[WhiteElo "2648"]
[BlackElo "2481"]
[Opening "Sicilian: Taimanov (Bastrikov) variation"]
[ECO "B47"]
[NIC "SI.40"]
[Time "18:01:20"]
[PlyCount "127"]
[TimeControl "4500+10"]

1. e4 c5 2. Nc3 e6 3. Nf3 Nc6 4. d4 cxd4 5. Nxd4 Qc7 6. g3 d6 7. Bg2 Nf6 8.
Ndb5 Qb8 9. Bf4 Ne5 10. Qd4 a6 11. O-O-O axb5 12. Bxe5 Ng4 13. f4 f6 14.
Bxd6 Bxd6 15. Qxd6 Qxd6 16. Rxd6 b4 17. Nb1 Rxa2 18. Rb6 Ne3 19. Bf1 Nxf1
20. Rxf1 Ke7 21. Rxb4 Ra7 22. Rf3 Bd7 23. Rd3 Bc6 24. Na3 Ra5 25. Rc4 Rha8
26. Nb1 Ra4 27. b4 Rd8 28. Rxd8 Kxd8 29. Kb2 Ke7 30. Nc3 Ra8 31. b5 Bd7 32.
Rc7 Kd8 33. Rxb7 Kc8 34. Rb6 Kc7 35. Ra6 Rxa6 36. bxa6 Kb6 37. e5 fxe5 38.
fxe5 Kxa6 39. Ne4 Kb6 40. Kc3 h6 41. Kd4 Be8 42. Nc5 Bf7 43. h4 Kc6 44. c3
Bg8 45. Nd3 Bh7 46. Nf4 Bf5 47. Nh5 g6 48. Nf6 h5 49. Nh7 Kb5 50. Nf8 Kb6
51. Nd7+ Kc7 52. Nf6 Kc6 53. Nh7 Kb6 54. Ng5 Kb5 55. c4+ Kc6 56. Nf3 Bg4
57. Nd2 Bf5 58. Kc3 Bg4 59. Nb3 Bh3 60. Kb4 Kb6 61. Nd4 Bg4 62. c5+ Ka6 63.
Kc4 Bh3 64. Kd3 { Black resigns } 1-0

[Event "ICC tourney 2266 (75 10)"]
[Site "Internet Chess Club"]
[Date "2021.01.02"]
[Round "3"]
[White "AJM04"]
[Black "andrewjiang2"]
[Result "1-0"]
[ICCResult "Black resigns"]
[WhiteElo "2050"]
[BlackElo "1922"]
[Opening "Ruy Lopez: closed"]
[ECO "C90"]
[NIC "RL.19"]
[Time "18:01:37"]
[PlyCount "141"]
[TimeControl "4500+10"]

1. e4 e5 2. Nf3 Nc6 3. Bb5 a6 4. Ba4 Nf6 5. O-O Be7 6. Re1 b5 7. Bb3 d6 8.
a4 Bd7 9. d3 O-O 10. Nc3 Na5 11. Ba2 c5 12. Nd5 Be6 13. Nxe7+ Qxe7 14. Bxe6
Qxe6 15. Ng5 Qd7 16. Bd2 Nc6 17. c3 d5 18. Qc2 Rad8 19. Rad1 dxe4 20. Nxe4
Qxd3 21. Qxd3 Rxd3 22. Nxc5 Rd5 23. Be3 bxa4 24. Nxa4 Rfd8 25. Rxd5 Rxd5
26. h3 Ra5 27. Ra1 Rb5 28. b4 h6 29. Bd2 Ne4 30. Be1 Rb8 31. f3 Nd6 32. Nc5
a5 33. bxa5 Rb5 34. Nd3 Rd5 35. Nb4 Rxa5 36. Rd1 Nxb4 37. cxb4 Ra6 38. Rd5
f6 39. b5 Ra1 40. Kf2 Nc4 41. Ke2 Ra2+ 42. Kd3 Ra4 43. Kc3 Ne3 44. Rd8+ Kf7
45. Kb3 Ra1 46. Bf2 Rb1+ 47. Ka2 Rxb5 48. Bxe3 Ra5+ 49. Kb2 Rb5+ 50. Kc2
Ra5 51. Kd3 Ra1 52. Ke2 Ra2+ 53. Rd2 Ra3 54. Bc5 Rc3 55. Bd6 Ke6 56. Kf2
Rc6 57. Bf8 Rc7 58. Kg3 Rf7 59. Ba3 Ra7 60. Rd3 Kf5 61. Kf2 g5 62. Ke3 h5
63. g4+ Kg6 64. Ke4 hxg4 65. hxg4 Ra4+ 66. Kd5 Ra5+ 67. Ke6 Ra6+ 68. Bd6
Ra4 69. Re3 Rf4 70. Ra3 Rd4 71. Ra7 { Black resigns } 1-0